 Dungeon Crawl Stone Soup version 0.13.1-19-g4b9377e (webtiles) character file.

137 Kae the Sneak (level 3, -1/16 HPs)
             Began as a Spriggan Enchanter on Dec 21, 2013.
             Slain by Terence
             ... wielding a +4,+0 dwarven mace of holy wrath
              (4 damage)
             ... on Level 2 of the Dungeon.
             The game lasted 00:02:21 (1598 turns).

Kae the Sneak (Spriggan Enchanter)                  Turns: 1598, Time: 00:02:22

HP  -1/16        AC  3     Str  7      XL: 3   Next: 58%
MP   7/9         EV 18     Int 16      God:
Gold 86          SH  0     Dex 16      Spells:  2 memorised,  3 levels left

Res.Fire  : . . .   See Invis. : +   a - +1,+2 dagger {=f}
Res.Cold  : . . .   Warding    : .   b - +1 robe
Life Prot.: . . .   Conserve   : .   (shield restricted)
Res.Poison: .       Res.Corr.  : .   (helmet restricted)
Res.Elec. : .       Clarity    : .   (no cloak)
Sust.Abil.: . .     Spirit.Shd : .   (gloves unavailable)
Res.Mut.  : .       Stasis     : .   (boots unavailable)
Res.Rott. : .       Flight     : .   (no amulet)
Saprovore : . . .                    (no ring)
                                     q - +2 ring of strength

@: very quick, slightly resistant to hostile enchantments, quite stealthy
A: unfitting armour, see invisible, herbivore 3, speed 3, slow metabolism 2
a: no special abilities


You were on level 2 of the Dungeon.
You were not hungry.

You visited 1 branch of the dungeon, and saw 2 of its levels.

You collected 66 gold pieces.

Inventory:

Hand weapons
 a - a +1,+2 dagger (weapon) {=f}
Missiles
 d - 19 darts (quivered)
Armour
 b - a +1 robe (worn)
Comestibles
 f - a choko
 l - a bread ration
Scrolls
 g - 2 scrolls of identify
 j - a scroll of teleportation
Jewellery
 q - a +2 ring of strength (left hand)
Potions
 e - a potion of porridge
 h - 2 potions of curing {unknown}
 i - 3 potions of heal wounds
 m - 2 potions of magic {unknown}
 n - a potion of speed {unknown}
Books
 c - a book of Maledictions

   Spells                             Type                      Level
   *Corona                            Hexes                        1
   Sure Blade                         Hexes/Charms                 2
   *Ensorcelled Hibernation           Hexes/Ice                    2
   Confuse                            Hexes                        3
   Enslavement                        Hexes                        4
   Invisibility                       Hexes                        6


   Skills:
 * Level 2.2 Short Blades
 - Level 1.1 Throwing
 - Level 3.0 Dodging
 * Level 4.2 Stealth
 + Level 2.4 Spellcasting
 + Level 3.9 Hexes


You had 3 spell levels left.
You knew the following spells:

 Your Spells              Type           Power        Failure   Level  Hunger
a - Corona                Hex            ##.....      4%          1    #......
b - Ensorcelled Hibernat  Hex/Ice        #.....       14%         2    ##.....


Dungeon Overview and Level Annotations

Branches:
Dungeon (2/27)

Altars:

Annotations:
D:2 Terence


Innate Abilities, Weirdness & Mutations

You are tiny and cannot use many weapons and most armour.
You have supernaturally acute eyesight.
You are a herbivore.
You cover ground extremely quickly.
You need consume almost no food.


Message History

You are too injured to fight recklessly!
You are too injured to fight recklessly!
You are too injured to fight recklessly!
You are too injured to fight recklessly!
You are too injured to fight recklessly!
You are too injured to fight recklessly!
You are too injured to fight recklessly!
Casting: Ensorcelled Hibernation
Confirm with . or Enter, or press ? or * to list all spells.
Aiming: Ensorcelled Hibernation
Press: ? - help, Shift-Dir - straight line, f - kobold
Aim: a kobold The kobold looks drowsy...
Terence hits you with a runed dwarven mace.
* * * LOW HITPOINT WARNING * * *
The helpless kobold fails to defend itself.
You slice the kobold!!
You kill the kobold!
Terence hits you with a runed dwarven mace.
You die...

*.###***********
####.#...,,,,,,,,,,
#.........,,,,,,,,,
#.........,,,,,,,,,
#.........*********
#.........#
#.........#
#.%.......#
#(@.......#
#.@...##### #(....#
###################
#...............
#.##############
#.# ****** #.#
*,,,,* #.# *,,,,*


You could see Terence.

Vanquished Creatures
  An adder (D:2)
  A giant gecko (D:1)
  A ball python (D:1)
  5 bats
  3 giant cockroaches
  8 goblins
  5 hobgoblins
  A giant newt (D:2)
  6 kobolds
  9 rats (D:1)
40 creatures vanquished.

Notes
Turn   | Place    | Note
--------------------------------------------------------------
     0 | D:1      | Kae, the Spriggan Enchanter, began the quest for the Orb.
     0 | D:1      | Reached XP level 1. HP: 9/9 MP: 4/4
   224 | D:1      | Reached XP level 2. HP: 7/13 MP: 6/6
   228 | D:1      | Learned a level 2 spell: Ensorcelled Hibernation
  1006 | D:1      | Reached XP level 3. HP: 13/16 MP: 9/9
  1183 | D:1      | Reached skill level 4 in Stealth
  1587 | D:2      | Noticed Terence
  1598 | D:2      | Slain by Terence

Action                   || total
-------------------------++-------
Melee: Dagger            ||   153
Throw: Dart              ||     8
 Cast: Corona            ||     2
       Ensorcelled Hiber ||     7
  Use: Scroll            ||     5
 Stab: Sleeping          ||    12
